 Dungeon Crawl Stone Soup version 0.27-a0-1202-ge72e49191c (webtiles) character file.

Game seed: 2742205684415865380

63 polve the Skirmisher (level 3, -1/29 HPs)
             Began as a Demonspawn Abyssal Knight on June 4, 2021.
             Was a Believer of Lugonu.
             Succumbed to an adder's poison
             ... on level 3 of the Dungeon.
             The game lasted 00:01:24 (2102 turns).

polve the Skirmisher (Demonspawn Abyssal Knight)    Turns: 2102, Time: 00:01:25

Health: -1/29      AC:  8    Str: 12    XL:     3   Next: 89%
Magic:  5/5        EV:  5    Int: 14    God:    Lugonu [**....]
Gold:   126        SH:  0    Dex: 12    Spells: 2/2 levels left

rFire    . . .     SeeInvis .   a - +1 short sword
rCold    . . .     Faith    .   (no shield)
rNeg     . . .     Spirit   .   e - +0 chain mail
rPois    .         Reflect  .   (no helmet)
rElec    .         Harm     .   (no cloak)
rCorr    .         Rampage  .   (no gloves)
Will     .....                  (no boots)
Stlth    ..........             (no amulet)
HPRegen  0.09/turn              (no ring)
MPRegen  0.09/turn              (no ring)

@: lethally poisoned (-1 -> -14)
A: demonic magic 1
a: Renounce Religion, Depart the Abyss, Bend Space


You were on level 3 of the Dungeon.
You worshipped Lugonu.
Lugonu was pleased with you.
You visited 1 branch of the dungeon, and saw 3 of its levels.
You visited the Abyss 1 time.

You collected 126 gold pieces.

Inventory:

Hand Weapons
 a - a +1 short sword (weapon)
Armour
 b - a +0 leather armour
 e - a +0 chain mail (worn)
 j - a +2 cloak
Jewellery
 g - a ring of protection from cold
 h - an amulet of reflection
Scrolls
 d - 6 scrolls of identify {unknown}
Potions
 c - a potion of might {unknown}
 i - a potion of cancellation {unknown}
 k - a potion of heal wounds {unknown}


   Skills:
 + Level 3.4 Fighting
 + Level 2.2 Short Blades
 + Level 2.3 Armour
 + Level 1.6 Dodging
 + Level 3.3 Invocations


You had 2 spell levels left.
You didn't know any spells.
Your spell library was empty.

Dungeon Overview and Level Annotations

Branches:
Dungeon (3/15)

Altars:


Innate Abilities, Weirdness & Mutations

Spells you cast may paralyse adjacent enemies.


Message History

You are too injured to fight recklessly!
You are too injured to fight recklessly!
You are too injured to fight recklessly!
There are monsters nearby!
There are monsters nearby!
You miss the adder.
You feel sick. The adder bites you but does no damage.
You barely miss the adder.
You feel sick. The adder barely misses you. The rat barely misses you.
You barely miss the adder.
You feel sick. The adder barely misses you. The rat bites you.
The adder bites you but does no damage.
You hit the adder.
The adder is lightly wounded.
You feel sick. The rat bites you but does no damage.
The adder bites you but does no damage.
You closely miss the adder.
The adder is lightly wounded.
You feel sick. The rat bites you but does no damage. The adder bites you.
You are more poisoned.
The adder poisons you!
You closely miss the adder.
The adder is lightly wounded.
You feel sick. The adder bites you.
You are lethally poisoned!
The adder poisons you! The rat bites you but does no damage.
The adder bites you.
* * * LOW HITPOINT WARNING * * *
You are more poisoned.
The adder poisons you!
You closely miss the adder.
The adder is lightly wounded.
* * * LOW HITPOINT WARNING * * *
You feel very sick. The rat bites you but does no damage.
The adder bites you but does no damage.
You hit the adder.
The adder is moderately wounded.
* * * LOW HITPOINT WARNING * * *
You feel very sick. The rat barely misses you.
The adder bites you but does no damage.
It was a potion of magic.
Magic courses through your body.
You die...

#. ..... ###.##......
.......).$. ## ##..........
.# #........... ..#
####.....#?.... ....
....>.rS...# .# ....
.......@.# .## ..#
>#####...## ###..### ..
.........## #......# .
####.....# #......# .#
#...#.# #......#
..########...#.###
###......# .#
................# #..<.....#
.#
##..............###.#......#
#.#
#...............##..#.######


You could see an adder and a rat.

Vanquished Creatures
  An adder (D:2)
  2 dart slugs
  4 bats
  4 endoplasms
  5 goblins
  9 hobgoblins
  6 jackals
  A kobold (D:1)
  A quokka (D:2)
  4 ball pythons
  3 frilled lizards (D:1)
  3 rats
43 creatures vanquished.

Notes
Turn   | Place    | Note
-------+----------+-------------------------------------------
     0 | Abyss:1  | polve the Demonspawn Abyssal Knight began the quest for the
                  | Orb.
     0 | Abyss:1  | Reached XP level 1. HP: 18/18 MP: 2/2
    70 | Abyss:1  | Noticed an angel
    71 | D:1      | Escaped the Abyss
   194 | D:1      | Reached * piety under Lugonu
   195 | D:1      | Reached skill level 1 in Dodging
   320 | D:1      | Gained mutation: Spells you cast may paralyse adjacent
                  | enemies. [demonic ancestry]
   320 | D:1      | Reached XP level 2. HP: 24/24 MP: 4/4
  1016 | D:2      | Reached XP level 3. HP: 20/29 MP: 5/5
  1436 | D:2      | Found a faded altar of an unknown god.
  1877 | D:3      | Reached ** piety under Lugonu
  2102 | D:3      | Succumbed to an adder's poison

Illustrated notes

Levels and vault maps discovered:
D:1:      wheals_arrival_shading, layout_rooms
D:2:      layout_rooms, shapermc_ecumenical_altar_starsandcircs
D:3:      layout_rooms

Skill      XL: |  1  2  3 |
---------------+----------+-----
Dodging        | 1 |  1.6
Short Blades   | 2 |  2.2
Armour         | 2 |  2.3
Invocations    | 3 |  3.3
Fighting       | |  3.4

Action                   || total
-------------------------++-------
Melee: Short sword       ||   159
Invok: Depart the Abyss  ||     1
  Use: Potion            ||     1
 Stab: Sleeping          ||     1
Armor: Leather armour    ||     7
       Chain mail        ||    74
Dodge: Dodged            ||    63

Table legend: (Time is in decaauts)
 A = Elapsed time spent in this place.
 B = Non-inter-level travel time spent in this place.
 C = Inter-level travel time spent in this place.
 D = Time resting spent in this place.
 E = Time spent auto-exploring this place.
 F = Levels seen in this place.
 G = Mean time per level.
                   A        B        C        D        E       F      G
               +--------+--------+--------+--------+--------+-----+--------+
         Total |   2100 |   2053 |     47 |      0 |   1698 |   4 |  525.0 |
       Dungeon |   2029 |   1982 |     47 |      0 |   1629 |   3 |  676.3 |
         Abyss |     71 |     71 |      0 |      0 |     69 |   1 |   71.0 |
               +--------+--------+--------+--------+--------+-----+--------+

Top non-repeatable levels by time:
     D:1: 924 daAuts
     D:2: 732 daAuts
     D:3: 372 daAuts
 Abyss:1: 71 daAuts
